 Dungeon Crawl Stone Soup version 0.22-a0-601-gb0ed703 (webtiles) character file.

7529 royokou the Destroyer (level 10, -2/63 HPs)
             Began as a Deep Elf Conjurer on July 6, 2018.
             Was a Believer of Vehumet.
             Slain by a porcupine (7 damage)
             ... on level 9 of the Dungeon.
             The game lasted 00:51:44 (10536 turns).

royokou the Destroyer (Deep Elf Conjurer)          Turns: 10536, Time: 00:51:44

Health: -2/63      AC: 12    Str:  6    XL:     10   Next: 96%
Magic:  9/26       EV:  2    Int: 23    God:    Vehumet [**....]
Gold:   181        SH:  0    Dex: 15    Spells: 3/29 levels left

rFire    + . .     SeeInvis .   b - staff of energy
rCold    . . .     Gourm    .   (no shield)
rNeg     + + +     Faith    .   D - +3 leather armour {rF+}
rPois    ∞         Spirit   .   N - +2 helmet
rElec    .         Reflect  .   (no cloak)
rCorr    .         Harm     .   p - +1 pair of gloves
MR       +....                  y - +0 pair of boots
Stlth    ++........             (no amulet)
HPRegen  0.20/turn              x - +5 ring of evasion
MPRegen  0.20/turn              J - ring of poison resistance

@: petrified
A: no striking features
a: Renounce Religion


You were on level 9 of the Dungeon.
You worshipped Vehumet.
Vehumet was pleased with you.
You were not hungry.

You visited 2 branches of the dungeon, and saw 11 of its levels.

You collected 410 gold pieces.
You spent 229 gold pieces at shops.

Inventory:

Hand Weapons
 a - the +3 dagger of Drought {chaos, +Fly rC+ Dex+4}
   (You found it on level 5 of the Dungeon)

   Each time it hits an enemy it has a different, random effect.
   It affects your dexterity (+4).
   It protects you from cold.
   It lets you fly.
 e - a +0 dagger of protection
 i - a +1 dagger of electrocution
 G - a +0 falchion
Armour
 o - a +0 robe
 p - a +1 pair of gloves (worn)
 y - a +0 pair of boots (worn)
 z - a +0 robe
 D - a +3 leather armour of fire resistance (worn)
 K - a +0 ring mail of magic resistance
 N - a +2 helmet (worn)
Magical Staves
 b - an uncursed staff of energy (weapon)
 Q - an uncursed staff of cold
Jewellery
 w - an uncursed ring of positive energy
 x - a +5 ring of evasion (left hand)
 J - a ring of poison resistance (right hand)
 L - a +4 ring of intelligence
 P - an uncursed ring of resist corrosion
Wands
 t - a wand of random effects (31)
 B - a wand of iceblast (10)
 H - a wand of flame (9)
Scrolls
 g - 7 scrolls of identify
 h - 6 scrolls of teleportation
 j - a scroll of amnesia
 m - 4 scrolls of remove curse
 q - 2 scrolls of magic mapping
 r - 2 scrolls of immolation
 u - 3 scrolls of enchant armour
 F - 2 scrolls of enchant weapon
Potions
 d - 2 potions of flight
 f - 5 potions of heal wounds
 k - 3 potions of curing
 l - 3 potions of resistance
 n - a potion of might
 s - a potion of agility
 v - a potion of brilliance
 A - a potion of invisibility
 C - a potion of magic
 E - a potion of lignification
 I - 2 potions of berserk rage {unknown}
 M - a potion of haste
Comestibles
 c - 16 rations
 O - 3 chunks of flesh


   Skills:
 * Level 7.4 Fighting
 - Level 1.1 Short Blades
 + Level 8.2 Dodging
 - Level 2.4 Stealth
 - Level 10.0 Spellcasting
 - Level 10.0 Conjurations
 - Level 5.0 Hexes
 - Level 5.1 Translocations


You had 3 spell levels left.
You knew the following spells:

 Your Spells              Type           Power        Failure   Level  Hunger
a - Magic Dart            Conj           ####         1%          1    None
b - Searing Ray           Conj           ######       1%          2    None
c - Dazzling Spray        Conj/Hex       #####.       1%          3    None
d - Iskenderun's Mystic   Conj           ######..     1%          4    None
e - Fulminant Prism       Conj/Hex       #####.....   3%          4    None
f - Force Lance           Conj/Tloc      #####...     3%          4    None
g - Conjure Flame         Conj/Fire      ####....     3%          3    None
h - Blink                 Tloc           N/A          1%          2    None
i - Mephitic Cloud        Conj/Pois/Air  ####....     7%          3    None

Your spell library contained the following spells:

 Spells                   Type           Power        Failure   Level  Hunger
 Slow                     Hex            ####....     1%          2    None
 Call Imp                 Summ           ##......     13%         2    None


Dungeon Overview and Level Annotations

Branches:
Dungeon (10/15)            Temple (1/1) D:5            Lair (0/6) D:10
    Orc: D:9-12

Altars:
Ashenzari
Cheibriados
Dithmenos
Elyvilon
Fedhas
Gozag
Hepliaklqana
Kikubaaqudgha
Makhleb
Nemelex Xobeh
Okawaru
Qazlal
Ru
Sif Muna
Trog
Uskayaw
Vehumet
Wu Jian
Xom
Yredelemnul
Zin
The Shining One

Shops:
D:4 (   D:6 !}[   D:9 *


Message History

The basilisk gazes at you.
Your limbs have turned to stone.
The porcupine barely misses you.
You have turned to stone.
The porcupine bites you. The porcupine bites you!
* * * LOW HITPOINT WARNING * * *
The porcupine bites you!
* * * LOW HITPOINT WARNING * * *
The porcupine bites you.
* * * LOW HITPOINT WARNING * * *
The porcupine completely misses you.
The porcupine twitches its whiskers.
The porcupine bites you but does no damage.
The basilisk bites you!
* * * LOW HITPOINT WARNING * * *
The porcupine bites you.
The basilisk hisses menacingly.
The basilisk bites you but does no damage.
The porcupine bites you!
You die...

########'#.#..# ####.#######.#
##.........#..######'##### #.#
##.........#..##.........#
#.####
##.........#...#.........#
#.....
##.........#.#)#.........#
######
##.........#.#.[(..[(....#
##.........#.##.([.......#
.'.........#.##.rl.......#
##.........#.###@###)#####
##....)....#.# #.# #.#
###..........# #[# #.# #
#......##### #(###.#
#.####...#####.(##.############
#.# #....).)..................
#.# #....#####+##.############
#.# #....# #....<............
#.# #....# #......###########


You could see a basilisk and a porcupine.

Vanquished Creatures
  3 two-headed ogres
  A gargoyle (D:10)
  A hornet (D:10)
  Prince Ribbit (D:7)
  2 hippogriffs
  Sigmund (D:2)
  A wraith (D:10)
  A basilisk (D:10)
  Menkaure (D:5)
  Edmund (D:5)
  A porcupine (D:9)
  2 water moccasins
  4 orc warriors
  An ice beast (D:5)
  A sky beast (D:5)
  2 phantoms
  6 ogres
  A wolf (D:9)
  5 centaurs
  2 crocodiles
  A big kobold (D:9)
  2 bullfrogs
  A water moccasin zombie (D:7)
  2 scorpions
  A water moccasin skeleton (D:8)
  9 crimson imps
  2 centaur zombies (D:9)
  A bullfrog zombie (D:9)
  A jelly (D:7)
  3 hounds
  4 orc wizards
  3 orc priests
  A gnoll shaman (D:5)
  An iguana (D:10)
  7 worker ants
  A hound zombie (D:10)
  Robin (D:2)
  A worker ant zombie (D:9)
  13 adders
  5 gnolls (D:5)
  A howler monkey skeleton (D:5)
  A shadow imp (D:10)
  2 oozes (D:1)
  An adder zombie (D:7)
  An adder skeleton (D:5)
  3 worms
  4 dart slugs
  4 leopard geckos
  18 orcs
  4 giant cockroaches
  14 goblins
  6 hobgoblins
  15 jackals
  2 quokkas (D:3)
  9 bats
  7 frilled lizards
  13 kobolds
  A quokka skeleton (D:9)
  A quokka zombie (D:7)
  4 rats
209 creatures vanquished.

Vanquished Creatures (others)
  21 fulminant prisms
  A plant (D:10)
22 creatures vanquished.

Grand Total: 231 creatures vanquished

Notes
Turn   | Place    | Note
-------+----------+-------------------------------------------
     0 | D:1      | royokou the Deep Elf Conjurer began the quest for the Orb.
     0 | D:1      | Reached XP level 1. HP: 10/10 MP: 6/6
   106 | D:1      | Reached XP level 2. HP: 9/15 MP: 4/8
   110 | D:1      | Learned a level 2 spell: Searing Ray
   327 | D:1      | Reached skill level 5 in Conjurations
   378 | D:1      | Reached XP level 3. HP: 19/19 MP: 8/10
  1114 | D:1      | Learned a level 3 spell: Dazzling Spray
  1329 | D:2      | Reached XP level 4. HP: 24/24 MP: 7/12
  1330 | D:2      | Noticed Robin
  1334 | D:2      | Killed Robin
  1334 | D:2      | Reached skill level 1 in Short Blades
  1607 | D:2      | Learned a level 4 spell: Iskenderun's Mystic Blast
  1727 | D:2      | Noticed Sigmund
  2147 | D:2      | Killed Sigmund
  2147 | D:2      | Reached skill level 5 in Spellcasting
  2147 | D:2      | Reached XP level 5. HP: 27/28 MP: 4/14
  2147 | D:2      | Reached XP level 6. HP: 31/32 MP: 4/15
  2237 | D:2      | Learned a level 3 spell: Conjure Flame
  2240 | D:2      | Learned a level 2 spell: Blink
  2494 | D:3      | Found a faded altar of an unknown god.
  3367 | D:4      | Found Guirghu's Weapon Emporium.
  4090 | D:4      | Noticed an orc warrior
  4096 | D:4      | Killed an orc warrior
  4096 | D:4      | Reached XP level 7. HP: 20/36 MP: 1/17
  4555 | D:5      | Entered Level 5 of the Dungeon
  4588 | D:5      | Noticed Menkaure
  4591 | D:5      | Killed Menkaure
  4923 | D:5      | Got a steaming dagger
  4924 | D:5      | Identified the cursed +3 dagger of Drought {chaos, +Fly rC+ Dex+4} (You found it on level 5 of the Dungeon)
  4998 | D:5      | Reached XP level 8. HP: 41/41 MP: 11/20
  5004 | D:5      | Learned a level 4 spell: Fulminant Prism
  5199 | D:5      | Noticed Edmund
  5472 | D:5      | Killed Edmund
  5472 | D:5      | Reached skill level 1 in Translocations
  5491 | D:5      | Learned a level 4 spell: Force Lance
  5644 | D:5      | Found a staircase to the Ecumenical Temple.
  5649 | Temple   | Entered the Ecumenical Temple
  5785 | Temple   | Became a worshipper of Vehumet
  5898 | D:6      | Found Qeuwn's Gadget Shop.
  6157 | D:6      | Found Xinaar's Armour Emporium.
  6350 | D:6      | Found Puenayc's Distillery.
  6364 | D:6      | Reached skill level 10 in Conjurations
  6364 | D:6      | Reached skill level 5 in Hexes
  6426 | D:6      | Bought a potion of degeneration for 12 gold pieces
  6457 | D:6      | Found a deep blue altar of Sif Muna.
  6569 | D:7      | Reached XP level 9. HP: 45/45 MP: 7/23
  7079 | D:7      | Learned a level 3 spell: Mephitic Cloud
  7086 | D:7      | Reached skill level 1 in Fighting
  7086 | D:7      | Reached skill level 5 in Translocations
  7092 | D:7      | Reached * piety under Vehumet
  7092 | D:7      | Offered knowledge of Shock by Vehumet.
  7159 | D:7      | Noticed Prince Ribbit
  7165 | D:7      | Killed Prince Ribbit
  8371 | D:9      | Reached skill level 5 in Dodging
  8371 | D:9      | Reached skill level 10 in Spellcasting
  8559 | D:9      | Offered knowledge of Freeze by Vehumet.
  8560 | D:9      | Reached ** piety under Vehumet
  8637 | D:9      | Noticed a two-headed ogre
  8643 | D:9      | Killed a two-headed ogre
  8643 | D:9      | Reached XP level 10. HP: 58/58 MP: 3/26
  8864 | D:9      | Found a white marble altar of Elyvilon.
  9139 | D:9      | Reached skill level 5 in Fighting
  9246 | D:9      | Noticed a two-headed ogre
  9250 | D:9      | Killed a two-headed ogre
  9589 | D:9      | Found Eqeerch Yroim's Assorted Antiques.
  9592 | D:9      | Bought a glowing helmet for 217 gold pieces
  9737 | D:10     | Entered Level 10 of the Dungeon
  9737 | D:10     | Noticed a gargoyle
  9742 | D:10     | Killed a gargoyle
 10157 | D:10     | Noticed a two-headed ogre
 10165 | D:10     | Killed a two-headed ogre
 10440 | D:10     | Found a staircase to the Lair.
 10536 | D:9      | Slain by a porcupine

Vault maps used:
D:1:      zelgadis_glass_arrival_small, grunt_decor_mini_mirrors,
          minmay_misc_feat_room, palyth_stone_intersect
D:2:      first_ration, uniq_robin, uniq_sigmund
D:3:      chequers_ecumenical_altar_twisty
D:4:      serial_shops, shop, mrwooster_statue_mirror
D:5:      minmay_temple_entry_nine_rooms, uniq_edmund, uniq_menkaure
D:6:      led_sif_pool, serial_shops, shop, nicolae_shop_statue_plus,
          nicolae_shop_trees
D:7:      uniq_prince_ribbit1
D:9:      basic_altar, serial_shops, shop
D:10:     minmay_lair_entry_grove, gammafunk_ghost_hydra_chop
Temple:   kilobyte_greek_temple

Skill      XL: |  1  2  3  4  5  6  7  8  9 10 |
---------------+-------------------------------+-----
Conjurations   | 5 6 7 8 10 | 10.0
Spellcasting   | 4 5 7 8 10 | 10.0
Short Blades   | 1 |  1.1
Dodging        | 3 5 8 |  8.2
Hexes          | 2 5 |  5.0
Translocations | 3 5 |  5.1
Fighting       | 4 7 |  7.4
Stealth        | |  2.4

Action                   |  1- 3 |  4- 6 |  7- 9 | 10-12 || total
-------------------------+-------+-------+-------+-------++-------
Melee: Dagger            |     8 |    17 |    13 |       ||    38
       Unarmed           |     2 |       |       |       ||     2
       Staff             |       |       |       |     5 ||     5
 Cast: Magic Dart        |    64 |    64 |   112 |    19 ||   259
       Searing Ray       |     3 |    23 |    42 |    10 ||    78
       Iskenderun's Myst |       |     4 |    25 |    17 ||    46
       Blink             |       |     1 |     3 |     1 ||     5
       Conjure Flame     |       |     1 |     1 |       ||     2
       Fulminant Prism   |       |       |    15 |     6 ||    21
       Force Lance       |       |       |     4 |    20 ||    24
       Dazzling Spray    |       |       |       |     1 ||     1
  Use: Scroll            |       |       |    22 |       ||    22
  Eat: Chunk             |     1 |     6 |    12 |     6 ||    25
       Ration            |       |     1 |     1 |       ||     2
Armor: Robe              |     5 |       |     4 |       ||     9
       Leather armour    |       |       |     8 |    14 ||    22
       Skin              |       |       |       |     1 ||     1
Dodge: Dodged            |    18 |    21 |    61 |    37 ||   137

Table legend:
 A = Spawn XP
 B = Non-spawn XP
 C = Spawn XP percentage of total XP
 D = Spawn monster count
 E = Non-spawn monster count
 F = Spawn count percentage of total count
 G = Total turns spent on level
                    A         B        C        D         E        F      G
               +---------+---------+-------+---------+---------+-------+---------
         Total |       0 |   10756 |   0.0 |       0 |     209 |   0.0 | 10536
               +---------+---------+-------+---------+---------+-------+---------
           D:1 |       0 |      56 |   0.0 |       0 |      25 |   0.0 |  1008
           D:2 |       0 |     333 |   0.0 |       0 |      29 |   0.0 |  1278
           D:3 |       0 |      88 |   0.0 |       0 |      21 |   0.0 |  1009
           D:4 |       0 |     440 |   0.0 |       0 |      16 |   0.0 |  1441
           D:5 |       0 |    1199 |   0.0 |       0 |      23 |   0.0 |   987
           D:6 |       0 |     453 |   0.0 |       0 |      11 |   0.0 |   620
           D:7 |       0 |    1432 |   0.0 |       0 |      22 |   0.0 |  1060
           D:8 |       0 |     929 |   0.0 |       0 |      16 |   0.0 |   780
           D:9 |       0 |    3257 |   0.0 |       0 |      34 |   0.0 |  1666
          D:10 |       0 |    2569 |   0.0 |       0 |      12 |   0.0 |   512
               +---------+---------+-------+---------+---------+-------+---------
